[ AOE2 MATCH · #494303874 ]
UnrankedMuisca vs Tupi
Player's team · LOSS
Rival team · WIN
[ REPLAY ANALYSIS · EXTRACTED FROM THE RECORDED GAME ]
Feudal
14:11
Castle
18:08
Imperial
42:56
| APM avg | 55.8 |
| APM peak | 105 |
| eAPM avg | 26.9 |
| Villagers / military | 155 / 28 |
Focus
⚔️ 50.2% · 🌾 49.8%
Unknown (2562) ×77 · Petard ×15 · Mangonel ×6 · Trebuchet (Packed) ×5 · Unknown (2550) ×4 · Monk ×2
Feudal
13:32
Castle
25:42
Imperial
45:57
| APM avg | 72.1 |
| APM peak | 121 |
| eAPM avg | 44.1 |
| Villagers / military | 307 / 31 |
Focus
⚔️ 44.3% · 🌾 55.7%
Unknown (2550) ×91 · Mangonel ×13 · Archer ×6 · Scorpion ×5 · Monk ×3 · Skirmisher ×2
Match map
Initial resources + every placement click. Lines = walls · curves = elevation contours. ◆ gold · ⬟ stone · ● berries · ✦ relic · ◌ wall gap
Your base· ✓ Closed at 18:08 · 78t walls · 1 gate(s) · fragile
SVTT | Альпинист's base· ✓ Closed at 25:42 · 0t walls · fragile
Smoothed initial terrain · ◌ = detected wall gap · hover for details
Inputs per minute
— chubstorm - - SVTT | Альпинист
Build order — chubstorm
First 150 of 436 actions detected
| 0:01 | Create | Villager (Male) |
| 0:02 | Build | House |
| 0:03 | Build | House |
| 0:09 | Create | Villager (Male) |
| 0:19 | Create | Villager (Male) |
| 0:26 | Create | Villager (Male) |
| 1:18 | Create | Villager (Male) |
| 1:18 | Create | Villager (Male) |
| 1:49 | Create | Villager (Male) |
| 2:14 | Build | Settlement |
| 2:20 | Create | Villager (Male) |
| 2:43 | Create | Villager (Male) |
| 3:07 | Create | Villager (Male) |
| 3:34 | Create | Villager (Male) |
| 3:48 | Create | Villager (Male) |
| 4:12 | Create | Villager (Male) |
| 4:46 | Create | Villager (Male) |
| 5:06 | Build | Barracks |
| 5:13 | Create | Villager (Male) |
| 5:28 | Create | Villager (Male) |
| 5:53 | Build | House |
| 5:58 | Create | Villager (Male) |
| 5:59 | Create | Unit 2550 |
| 5:59 | Create | Unit 2550 |
| 6:06 | Build | Palisade Wall |
| 6:06 | Build | Palisade Wall |
| 6:07 | Build | Palisade Wall |
| 6:11 | Build | Palisade Wall |
| 6:25 | Research | Loom |
| 6:27 | Create | Villager (Male) |
| 6:28 | Build | Palisade Wall |
| 6:29 | Build | Palisade Wall |
| 6:30 | Build | Palisade Wall |
| 6:34 | Build | Palisade Wall |
| 6:35 | Build | Palisade Wall |
| 6:37 | Build | Palisade Wall |
| 6:39 | Build | Palisade Wall |
| 6:40 | Build | Palisade Wall |
| 6:41 | Create | Villager (Male) |
| 7:07 | Build | Palisade Wall |
| 7:07 | Build | Palisade Wall |
| 7:26 | Create | Villager (Male) |
| 7:27 | Build | House |
| 7:52 | Create | Villager (Male) |
| 8:02 | Create | Unit 2550 |
| 8:06 | Build | Settlement |
| 8:24 | Create | Villager (Male) |
| 8:41 | Create | Villager (Male) |
| 8:57 | Build | Palisade Gate |
| 9:12 | Create | Villager (Male) |
| 9:15 | Build | Palisade Wall |
| 9:20 | Create | Unit 2550 |
| 9:34 | Build | Palisade Wall |
| 9:45 | Create | Villager (Male) |
| 9:50 | Build | House |
| 10:04 | Build | Palisade Wall |
| 10:39 | Build | Farm |
| 11:05 | Create | Villager (Male) |
| 11:14 | Build | Farm |
| 11:17 | Build | Palisade Wall |
| 11:30 | Create | Villager (Male) |
| 11:53 | Build | Palisade Wall |
| 11:55 | Build | Palisade Wall |
| 12:01 | Research | Feudal Age |
| 12:11 | Build | Palisade Wall |
| 12:12 | Build | Palisade Wall |
| 12:14 | Build | Palisade Wall |
| 12:40 | Build | Farm |
| 12:57 | Build | House |
| 14:11 | Age | Feudal Age |
| 14:14 | Create | Villager (Male) |
| 14:17 | Build | Market |
| 14:23 | Build | Blacksmith |
| 14:46 | Create | Villager (Male) |
| 14:58 | Build | Palisade Wall |
| 15:10 | Build | House |
| 15:14 | Build | Palisade Wall |
| 15:15 | Build | Palisade Wall |
| 15:24 | Build | Settlement |
| 15:28 | Research | Castle Age |
| 15:31 | Build | Palisade Wall |
| 15:35 | Build | Palisade Wall |
| 16:21 | Build | Farm |
| 16:34 | Build | Watch Tower |
| 16:38 | Create | Villager (Male) |
| 16:57 | Build | Palisade Wall |
| 16:59 | Build | Palisade Wall |
| 17:07 | Build | House |
| 17:19 | Create | Villager (Male) |
| 17:30 | Build | House |
| 17:35 | Build | Watch Tower |
| 17:47 | Research | Fletching |
| 18:03 | Build | House |
| 18:08 | Age | Castle Age |
| 18:13 | Create | Villager (Male) |
| 18:27 | Build | Stone Wall |
| 18:28 | Build | Stone Wall |
| 18:48 | Build | Stone Wall |
| 19:03 | Build | Castle |
| 19:19 | Build | Farm |
| 19:24 | Build | Farm |
| 19:36 | Build | Farm |
| 19:41 | Create | Villager (Male) |
| 20:15 | Build | Farm |
| 20:17 | Create | Villager (Male) |
| 20:19 | Create | Unit 2562 |
| 20:20 | Create | Unit 2562 |
| 20:20 | Create | Unit 2562 |
| 20:35 | Create | Unit 2562 |
| 20:46 | Build | Farm |
| 20:46 | Create | Villager (Male) |
| 20:53 | Build | Farm |
| 20:57 | Create | Unit 2562 |
| 21:20 | Build | Farm |
| 21:21 | Create | Villager (Male) |
| 21:40 | Create | Unit 2562 |
| 21:50 | Create | Unit 2562 |
| 21:54 | Create | Unit 2562 |
| 21:55 | Create | Villager (Male) |
| 22:08 | Build | Farm |
| 22:16 | Create | Villager (Male) |
| 22:33 | Build | Farm |
| 22:33 | Create | Villager (Male) |
| 22:46 | Create | Unit 2562 |
| 22:48 | Create | Villager (Male) |
| 23:17 | Research | Bodkin Arrow |
| 23:24 | Create | Unit 2562 |
| 23:24 | Create | Unit 2562 |
| 23:43 | Create | Villager (Male) |
| 23:46 | Build | Farm |
| 23:46 | Build | Farm |
| 23:48 | Create | Villager (Male) |
| 24:08 | Create | Villager (Male) |
| 24:13 | Create | Unit 2562 |
| 24:27 | Create | Villager (Male) |
| 24:37 | Build | Town Center |
| 24:42 | Create | Villager (Male) |
| 24:58 | Create | Villager (Male) |
| 24:59 | Create | Unit 2562 |
| 25:09 | Create | Unit 2562 |
| 25:11 | Create | Villager (Male) |
| 25:22 | Build | Farm |
| 25:24 | Research | Double-Bit Axe |
| 25:46 | Create | Villager (Male) |
| 25:47 | Build | Farm |
| 26:01 | Create | Villager (Male) |
| 26:02 | Create | Unit 2562 |
| 26:02 | Create | Unit 2562 |
| 26:02 | Create | Unit 2562 |
| 26:25 | Create | Villager (Male) |
Build order — SVTT | Альпинист
First 150 of 630 actions detected
| 0:01 | Create | Villager (Male) |
| 0:01 | Create | Villager (Male) |
| 0:02 | Create | Villager (Male) |
| 0:02 | Build | House |
| 0:03 | Build | House |
| 0:07 | Create | Villager (Male) |
| 1:09 | Create | Villager (Male) |
| 1:09 | Create | Villager (Male) |
| 1:33 | Create | Villager (Male) |
| 1:55 | Build | Barracks |
| 2:11 | Create | Villager (Male) |
| 2:11 | Create | Villager (Male) |
| 2:39 | Create | Villager (Male) |
| 2:39 | Create | Villager (Male) |
| 2:45 | Build | House |
| 2:54 | Create | Unit 2550 |
| 3:13 | Create | Unit 2550 |
| 3:13 | Create | Unit 2550 |
| 3:21 | Create | Villager (Male) |
| 3:27 | Build | House |
| 3:35 | Create | Villager (Male) |
| 4:04 | Create | Villager (Male) |
| 4:04 | Create | Villager (Male) |
| 4:23 | Create | Unit 2550 |
| 4:23 | Create | Unit 2550 |
| 4:45 | Create | Villager (Male) |
| 4:45 | Create | Villager (Male) |
| 5:01 | Create | Unit 2550 |
| 5:01 | Create | Unit 2550 |
| 5:25 | Create | Villager (Male) |
| 5:25 | Create | Villager (Male) |
| 5:51 | Build | Settlement |
| 6:12 | Create | Villager (Male) |
| 6:12 | Create | Villager (Male) |
| 6:38 | Create | Unit 2550 |
| 6:45 | Create | Villager (Male) |
| 7:18 | Build | Settlement |
| 7:21 | Create | Villager (Male) |
| 7:21 | Create | Villager (Male) |
| 7:41 | Build | Outpost |
| 7:59 | Create | Villager (Male) |
| 8:18 | Create | Villager (Male) |
| 8:40 | Create | Villager (Male) |
| 8:41 | Create | Villager (Male) |
| 8:43 | Create | Unit 2550 |
| 8:44 | Create | Unit 2550 |
| 8:47 | Create | Villager (Male) |
| 8:47 | Create | Villager (Male) |
| 8:50 | Build | Farm |
| 8:51 | Build | Farm |
| 8:51 | Build | Farm |
| 8:51 | Build | Farm |
| 8:51 | Build | Farm |
| 9:03 | Create | Villager (Male) |
| 9:03 | Create | Villager (Male) |
| 9:17 | Build | Outpost |
| 9:23 | Create | Villager (Male) |
| 9:57 | Create | Villager (Male) |
| 10:00 | Build | Farm |
| 10:04 | Build | Farm |
| 10:25 | Research | Loom |
| 10:41 | Build | Settlement |
| 11:15 | Build | Farm |
| 11:22 | Research | Feudal Age |
| 11:22 | Research | Feudal Age |
| 11:27 | Create | Unit 2550 |
| 11:27 | Create | Unit 2550 |
| 11:52 | Create | Unit 2550 |
| 11:52 | Create | Unit 2550 |
| 12:16 | Create | Unit 2550 |
| 12:16 | Create | Unit 2550 |
| 12:40 | Create | Unit 2550 |
| 12:40 | Create | Unit 2550 |
| 12:40 | Create | Unit 2550 |
| 12:40 | Create | Unit 2550 |
| 12:42 | Create | Unit 2550 |
| 12:44 | Create | Villager (Male) |
| 13:32 | Age | Feudal Age |
| 13:35 | Research | Tech 1402 |
| 13:35 | Research | Tech 1402 |
| 13:41 | Build | Archery Range |
| 13:47 | Create | Villager (Male) |
| 13:54 | Research | Double-Bit Axe |
| 13:54 | Research | Double-Bit Axe |
| 13:55 | Research | Horse Collar |
| 13:59 | Create | Unit 2550 |
| 13:59 | Create | Unit 2550 |
| 13:59 | Create | Unit 2550 |
| 14:00 | Create | Unit 2550 |
| 14:00 | Create | Unit 2550 |
| 14:05 | Build | Farm |
| 14:07 | Create | Villager (Male) |
| 14:07 | Create | Villager (Male) |
| 14:17 | Build | Outpost |
| 14:19 | Create | Villager (Male) |
| 14:25 | Create | Villager (Male) |
| 14:28 | Create | Villager (Male) |
| 14:44 | Build | Watch Tower |
| 14:50 | Create | Villager (Male) |
| 14:58 | Create | Unit 2550 |
| 14:59 | Create | Unit 2550 |
| 15:29 | Build | Watch Tower |
| 15:35 | Research | Arson |
| 16:11 | Build | House |
| 16:12 | Build | House |
| 16:14 | Research | Wheelbarrow |
| 16:14 | Research | Town Watch |
| 16:14 | Research | Town Watch |
| 16:25 | Build | House |
| 16:28 | Create | Archer |
| 16:28 | Create | Archer |
| 16:29 | Create | Archer |
| 16:29 | Create | Archer |
| 16:30 | Create | Archer |
| 16:33 | Create | Villager (Male) |
| 16:37 | Create | Villager (Male) |
| 16:56 | Build | House |
| 17:02 | Build | House |
| 17:13 | Create | Villager (Male) |
| 17:15 | Build | Farm |
| 17:34 | Build | Watch Tower |
| 17:39 | Create | Villager (Male) |
| 17:41 | Create | Villager (Male) |
| 18:02 | Create | Villager (Male) |
| 18:06 | Create | Archer |
| 18:39 | Build | House |
| 19:08 | Build | Outpost |
| 19:32 | Create | Villager (Male) |
| 19:37 | Create | Villager (Male) |
| 19:44 | Build | Settlement |
| 19:47 | Create | Villager (Male) |
| 19:54 | Create | Skirmisher |
| 19:54 | Create | Skirmisher |
| 19:57 | Create | Villager (Male) |
| 20:28 | Create | Villager (Male) |
| 20:36 | Build | Outpost |
| 20:39 | Build | Outpost |
| 20:49 | Build | Settlement |
| 20:59 | Build | Outpost |
| 21:01 | Create | Villager (Male) |
| 21:03 | Build | Watch Tower |
| 21:08 | Build | Watch Tower |
| 21:35 | Create | Villager (Male) |
| 21:58 | Build | Market |
| 22:06 | Create | Villager (Male) |
| 22:08 | Build | Market |
| 22:37 | Create | Villager (Male) |
| 22:59 | Build | Blacksmith |
| 23:01 | Research | Castle Age |
| 23:02 | Research | Castle Age |
Match timeline
| 1:55 | SVTT | Альпинист · first_building Barracks |
| 5:06 | chubstorm · first_building Barracks |
| 6:06 | chubstorm · wall_segment Palisade Wall x1 |
| 6:06 | chubstorm · wall_segment Palisade Wall x1 |
| 6:07 | chubstorm · wall_segment Palisade Wall x1 |
| 6:11 | chubstorm · wall_segment Palisade Wall x1 |
| 6:28 | chubstorm · wall_segment Palisade Wall x1 |
| 6:29 | chubstorm · wall_segment Palisade Wall x1 |
| 6:30 | chubstorm · wall_segment Palisade Wall x1 |
| 6:34 | chubstorm · wall_segment Palisade Wall x1 |
| 6:35 | chubstorm · wall_segment Palisade Wall x1 |
| 6:37 | chubstorm · wall_segment Palisade Wall x1 |
| 6:39 | chubstorm · wall_segment Palisade Wall x1 |
| 6:40 | chubstorm · wall_segment Palisade Wall x1 |
| 7:07 | chubstorm · wall_segment Palisade Wall x1 |
| 7:07 | chubstorm · wall_segment Palisade Wall x1 |
| 9:15 | chubstorm · wall_segment Palisade Wall x13 |
| 9:34 | chubstorm · wall_segment Palisade Wall x1 |
| 10:04 | chubstorm · wall_segment Palisade Wall x8 |
| 11:17 | chubstorm · wall_segment Palisade Wall x7 |
| 11:53 | chubstorm · wall_segment Palisade Wall x1 |
| 11:55 | chubstorm · wall_segment Palisade Wall x1 |
| 12:11 | chubstorm · wall_segment Palisade Wall x6 |
| 12:12 | chubstorm · wall_segment Palisade Wall x4 |
| 12:14 | chubstorm · wall_segment Palisade Wall x17 |
| 13:32 | SVTT | Альпинист · age_up feudal |
| 13:41 | SVTT | Альпинист · first_building Archery Range |
| 14:11 | chubstorm · age_up feudal |
| 14:58 | chubstorm · wall_segment Palisade Wall x1 |
| 15:14 | chubstorm · wall_segment Palisade Wall x5 |
| 15:15 | chubstorm · wall_segment Palisade Wall x1 |
| 15:27 | chubstorm · first_market_buy 100 food |
| 15:31 | chubstorm · wall_segment Palisade Wall x1 |
| 15:35 | chubstorm · wall_segment Palisade Wall x1 |
| 16:57 | chubstorm · wall_segment Palisade Wall x1 |
| 16:59 | chubstorm · wall_segment Palisade Wall x1 |
| 18:08 | chubstorm · age_up castle |
| 18:27 | chubstorm · wall_segment Stone Wall x1 |
| 18:28 | chubstorm · wall_segment Stone Wall x1 |
| 18:48 | chubstorm · wall_segment Stone Wall x1 |
| 19:03 | chubstorm · first_building Castle |
| 20:09 | chubstorm · first_market_sell 100 stone |
| 25:42 | SVTT | Альпинист · age_up castle |
| 25:45 | SVTT | Альпинист · first_building Siege Workshop |
| 25:55 | SVTT | Альпинист · first_market_buy 100 food |
| 26:49 | chubstorm · first_building Siege Workshop |
| 28:11 | chubstorm · first_building Monastery |
| 28:24 | SVTT | Альпинист · first_building Castle |
| 36:50 | SVTT | Альпинист · first_building Monastery |
| 42:39 | SVTT | Альпинист · first_market_sell 100 food |
| 42:56 | chubstorm · age_up imperial |
| 45:57 | SVTT | Альпинист · age_up imperial |
| 48:52 | chubstorm · first_building Archery Range |
| 49:31 | chubstorm · wall_segment Palisade Wall x1 |
| 51:29 | chubstorm · resign |
[ AI ANALYSIS · 1 CREDIT ]
What really happened in this match?
Wolo.gg analyzes every decision: build order, eco, micro, common mistakes by bracket. Personalized analysis on WhatsApp or Discord in 30 seconds.
Civ guide
Muisca
Perfil
Jugador #254815